 Dungeon Crawl Stone Soup version 0.25-a0-178-gc9f82b1288 (webtiles) character file.

Game seed: 13008799102494785636, levelgen mode: deterministic

151 Lanoc the Ducker (level 5, 0/36 HPs)
             Began as a Halfling Gladiator on Nov 26, 2019.
             Was a Follower of Okawaru.
             Killed from afar by Natasha (2 damage)
             ... with a magic dart
             ... on level 1 of the Dungeon.
             The game lasted 00:03:17 (1527 turns).

Lanoc the Ducker (Halfling Gladiator)               Turns: 1527, Time: 00:03:18

Health: 0/36       AC:  4    Str: 15    XL:     5   Next: 60%
Magic:  0/5        EV: 16    Int:  6    God:    Okawaru [*.....]
Gold:   54         SH:  0    Dex: 17    Spells: 4/4 levels left

rFire    x . .     SeeInvis .   m - +0 hunting sling
rCold    + . .     Gourm    .   (shield restricted)
rNeg     . . .     Faith    .   b - +0 leather armour
rPois    .         Spirit   +   c - +0 helmet
rElec    .         Reflect  .   (no cloak)
rCorr    .         Harm     .   (no gloves)
MR       .....                  (no boots)
Stlth    +.........             o - amulet of guardian spirit
HPRegen  0.12/turn              e - ring of ice
MPRegen  0.09/turn              (no ring)

@: slowed, very slow
A: small, mutation resistance 1
a: Heroism, Renounce Religion


You were on level 1 of the Dungeon.
You worshipped Okawaru.
Okawaru was aware of your devotion.
You were not hungry.

You visited 1 branch of the dungeon, and saw 2 of its levels.

You collected 54 gold pieces.

Inventory:

Hand Weapons
 a - a +0 long sword
 m - a +0 hunting sling (weapon)
Missiles
 d - 3 throwing nets
 h - 93 stones (quivered)
 l - 28 poisoned darts
Armour
 b - a +0 leather armour (worn)
 c - a +0 helmet (worn)
Jewellery
 e - a ring of ice (left hand)
 o - an amulet of guardian spirit (around neck)
Scrolls
 i - 3 scrolls of identify {unknown}
 j - a scroll of fear {unknown}
 k - a scroll of teleportation {unknown}
 n - a scroll of immolation {unknown}
Potions
 g - 2 potions of curing {unknown}
 p - a potion of flight {unknown}
 q - a potion of cancellation {unknown}
 s - a potion of haste {unknown}
Comestibles
 f - 4 rations
 r - 3 chunks of flesh


   Skills:
 + Level 2.9 Fighting
 - Level 3.0 Long Blades
 * Level 3.0(3.6) Slings
 - Level 2.0(2.4) Throwing
 + Level 2.4 Armour
 + Level 4.3 Dodging


You had 4 spell levels left.
You didn't know any spells.
Your spell library was empty.

Dungeon Overview and Level Annotations

Branches:
Dungeon (2/15)

Altars:
Okawaru

Annotations:
D:1 Natasha


Innate Abilities, Weirdness & Mutations

You are small and have problems with some larger weapons.
You are somewhat resistant to further mutation.


Message History

Firing (i - inventory. (/) - cycle)
h - 95 stones (quivered)
Press: ? - help, Shift-Dir - straight line, f/p - Natasha
Aim: Natasha (moderately wounded)
You shoot a stone. The stone hits Natasha.
Natasha is severely wounded.
Natasha claws you!
Firing (i - inventory. (/) - cycle)
h - 94 stones (quivered)
Press: ? - help, Shift-Dir - straight line, f/p - Natasha
Aim: Natasha (severely wounded)
You shoot a stone.
The stone hits Natasha but does no damage.
Natasha is severely wounded.
Natasha claws you!
* * * LOW HITPOINT WARNING * * *
The white imp gestures at you. The puff of frost hits you. You resist.
* * * LOW HITPOINT WARNING * * *
Natasha stares at you and mumbles some strange words.
The magic dart hits you.
You die...

>......####.########
#####.....#.# ####...#....#
......>....### ###
###....#.....## #########.#
.)...####.##..##
######.........#
##...####..##..#
#.......######.#
##....###..##.###.......#
#.#
##...#...[#.##..@........#
#.#
#...#####......h5........#
#.# ...## ###..##..........#
#.# ..## ##..#.........[#
#.# .##
########.#...######## #.# ##
#.....##.########### ####.#
#
#.....##.(.)..†....####....#
#
#.....############...##....#
# #...)........###
###.......#


You could see Natasha and a white imp.

Vanquished Creatures
  2 adders (D:2)
  8 gnolls
  2 oozes
  2 dart slugs (D:1)
  4 leopard geckos
  11 bats
  2 giant cockroaches (D:1)
  4 hobgoblins
  3 kobolds (D:1)
  4 frilled lizards
  3 goblins (D:1)
  2 rats (D:2)
47 creatures vanquished.

Notes
Turn   | Place    | Note
-------+----------+-------------------------------------------
     0 | D:1      | Lanoc the Halfling Gladiator began the quest for the Orb.
     0 | D:1      | Reached XP level 1. HP: 14/14 MP: 1/1
    58 | D:1      | Reached XP level 2. HP: 14/19 MP: 2/2
    67 | D:1      | Reached skill level 1 in Armour
   115 | D:1      | Reached XP level 3. HP: 12/24 MP: 3/3
   645 | D:1      | Reached XP level 4. HP: 26/30 MP: 4/4
   797 | D:2      | Reached skill level 1 in Slings
   797 | D:2      | Reached skill level 4 in Dodging
  1092 | D:2      | Found a faded altar of an unknown god.
  1145 | D:2      | Reached XP level 5. HP: 35/35 MP: 5/5
  1152 | D:2      | Became a worshipper of Warmaster Okawaru
  1152 | D:2      | Reached * piety under Okawaru
  1487 | D:2      | Noticed Natasha
  1527 | D:1      | Killed from afar by Natasha

Levels and vault maps discovered:
D:1:      dpeg_arrival_shrine, layout_rooms
D:2:      layout_basic, nemelex_xobeh_ov_fountains_minmay, lemuel_crystal_altar,
          chequers_ecumenical_altar_island, uniq_natasha

Skill      XL: |  1  2  3  4  5 |
---------------+----------------+-----
Fighting       | 2 |  2.9
Armour         | 1 2 |  2.4
Slings         | 2 3 |  3.0
Dodging        | 4 |  4.3
Long Blades    | |  3.0
Throwing       | |  2.0

Action                   |  1- 3 |  4- 6 || total
-------------------------+-------+-------++-------
Melee: Long sword        |    71 |       ||    71
 Fire: Hunting sling     |    32 |   104 ||   136
  Eat: Chunk             |       |     2 ||     2
Armor: Leather armour    |    26 |    10 ||    36
Dodge: Dodged            |    91 |    47 ||   138
       Rpst.: Long sword |    30 |       ||    30

Table legend:
 A = Non-vault XP
 B = Vault XP
 C = Vault XP percentage of total XP
 D = Non-vault monster count
 E = Vault monster count
 F = Vault count percentage of total count
                 A         B        C        D         E       F
            +---------+---------+-------+---------+---------+-------
      Total |     217 |       0 |   0.0 |      47 |       0 |   0.0
            +---------+---------+-------+---------+---------+-------
        D:1 |      70 |       0 |   0.0 |      29 |       0 |   0.0
        D:2 |     147 |       0 |   0.0 |      18 |       0 |   0.0
            +---------+---------+-------+---------+---------+-------
